[Event "Titled Tuesday Blitz August 24 2021"]
[White "Laurusas, Tomas"]
[Black "Tologon tegin, Semetei"]
[WhiteFideId "12803731"]
[BlackFideId "13800574"]
[WhiteElo "2542"]
[BlackElo "2224"]
[Result "1-0"]
[Round "08"]
[TimeControl "180+1"]
[Date "2021.08.24"]
[WhiteClock "0:00:08"]
[BlackClock "0:00:17"]

1. d4 Nf6 2. c4 e6 3. Nc3 Bb4 4. e3 b6 5. Bd2 Bb7 6. Rc1 O-O 7. Nf3 d6 8. Be2 Nbd7 9. O-O Qe7 10. Nd5 exd5 11. Bxb4 c5 12. Ba3 Rad8 13. Qc2 Ne4 14. Rfd1 Ng5 15. dxc5 dxc5 16. cxd5 Nxf3+ 17. Bxf3 Ne5 18. Be4 g6 19. g3 f5 20. Bg2 Rf6 21. b4 c4 22. Bb2 b5 23. d6 Rfxd6 24. Rxd6 Rxd6 25. Bxe5 Bxg2 26. Bxd6 Qb7 27. f4 Bc6 28. Qd2 Qd7 29. Rd1 Qe6 30. Be5 c3 31. Qxc3 Bb7 32. Qc7 Qxa2 33. Qg7# 1-0


[Site "https://www.chess.com"]

[Event "Titled Tuesday Blitz August 24 2021"]
[White "Lazavik, Denis"]
[Black "Taboas Rodriguez, Daniel"]
[WhiteFideId "13515110"]
[BlackFideId "2208466"]
[WhiteElo "2436"]
[BlackElo "2429"]
[Result "1-0"]
[Round "08"]
[TimeControl "180+1"]
[Date "2021.08.24"]
[WhiteClock "0:00:43"]
[BlackClock "0:00:57"]

1. d4 Nf6 2. c4 g6 3. g3 Bg7 4. Bg2 O-O 5. Nc3 d6 6. Nf3 Nbd7 7. O-O e5 8. e4 c6 9. h3 Re8 10. Be3 exd4 11. Nxd4 Nc5 12. Qc2 a5 13. Rad1 Qe7 14. Rfe1 a4 15. f4 a3 16. b3 Qc7 17. Bf2 Qa5 18. Nf3 Bf8 19. Bd4 Bg7 20. f5 Na6 21. g4 Nb4 22. Qf2 c5 23. Bxf6 Bxf6 24. Nb5 Bb2 25. Nxd6 Rf8 26. e5 Nxa2 27. e6 fxe6 28. fxg6 hxg6 29. Qc2 Kg7 30. Nh4 Rf6 31. Ne8+ Kf7 32. Nxf6 Kxf6 33. Qxg6+ Ke7 34. Nf5+ Kf8 35. Nd6 Bd4+ 36. Kh1 Ke7 37. Nf5+ Kd7 38. Qf7+ Kd8 39. Qe7# 1-0


[Site "https://www.chess.com"]

[Event "Titled Tuesday Blitz August 24 2021"]
[White "Le, Tuan Minh"]
[Black "Demchenko, Anton"]
[WhiteFideId "12401153"]
[BlackFideId "4160258"]
[WhiteElo "2450"]
[BlackElo "2583"]
[Result "1-0"]
[Round "08"]
[TimeControl "180+1"]
[Date "2021.08.24"]
[WhiteClock "0:00:25"]
[BlackClock "0:00:02"]

1. d4 d5 2. Nf3 e6 3. Bf4 Nf6 4. e3 c5 5. c3 Nc6 6. Nbd2 Nh5 7. Be5 f6 8. Bg3 g6 9. Bd3 Be7 10. O-O O-O 11. dxc5 Nxg3 12. hxg3 Bxc5 13. Qe2 e5 14. e4 Be6 15. exd5 Bxd5 16. Rad1 Qe7 17. Ne4 Bb6 18. Bc2 Be6 19. Rd6 Kg7 20. Rfd1 Rad8 21. Bb3 Bf5 22. R6d2 Rxd2 23. Rxd2 Rd8 24. Rxd8 Qxd8 25. Nfd2 Qe7 26. g4 Bc8 27. Nc4 Bc7 28. Ne3 Be6 29. Qb5 Bb6 30. Nd5 Bxd5 31. Qxd5 Qf8 32. Qd7+ Qe7 33. Qd5 Qf8 34. a4 Kh6 35. Nd6 f5 36. gxf5 gxf5 37. Qe6+ Kg5 38. Nf7+ 1-0


[Site "https://www.chess.com"]

[Event "Titled Tuesday Blitz August 24 2021"]
[White "Leitao, Rafael"]
[Black "Golubev, Mikhail"]
[WhiteFideId "2101246"]
[BlackFideId "14100983"]
[WhiteElo "2609"]
[BlackElo "2374"]
[Result "1/2-1/2"]
[Round "08"]
[TimeControl "180+1"]
[Date "2021.08.24"]
[WhiteClock "0:00:45"]
[BlackClock "0:00:24"]

1. c4 g6 2. Nc3 Bg7 3. g3 e5 4. Bg2 d6 5. d3 Nc6 6. Nf3 f5 7. O-O h6 8. Rb1 a5 9. a3 g5 10. Nd5 Nce7 11. Nd2 Nxd5 12. cxd5 Nf6 13. b4 axb4 14. axb4 O-O 15. Bb2 Rf7 16. b5 b6 17. Qc2 Bd7 18. Qc4 h5 19. Ra1 Rc8 20. Ra7 h4 21. Nf3 hxg3 22. hxg3 Ng4 23. Rc1 e4 24. Bxg7 exf3 25. exf3 Kxg7 26. fxg4 fxg4 27. Qd4+ Qf6 28. Qxf6+ Kxf6 29. Rb1 Bf5 30. Ra3 Re8 31. Rc1 Ree7 32. Rac3 Rh7 33. Rc4 Kg6 34. R4c3 Kf6 35. Rc4 Kg6 36. R4c3 Kf6 1/2-1/2


[Site "https://www.chess.com"]

[Event "Titled Tuesday Blitz August 24 2021"]
[White "Loy, Konstantin"]
[Black "Florescu, Codrut-Constantin"]
[WhiteFideId "14122499"]
[BlackFideId "1202200"]
[WhiteElo "2084"]
[BlackElo "2243"]
[Result "1-0"]
[Round "08"]
[TimeControl "180+1"]
[Date "2021.08.24"]
[WhiteClock "0:00:10"]
[BlackClock "0:00:25"]

1. e4 b6 2. d4 Bb7 3. Bd3 e6 4. Nf3 c5 5. c3 Nf6 6. Qe2 Qc8 7. O-O Ba6 8. a3 Bxd3 9. Qxd3 cxd4 10. cxd4 d5 11. Nc3 Qa6 12. Qe3 dxe4 13. Nxe4 Nbd7 14. Ne5 Qb7 15. Nxf6+ Nxf6 16. Qb3 Qd5 17. Qa4+ b5 18. Qa6 Bd6 19. Bg5 Ne4 20. Bf4 O-O 21. Rad1 Nf6 22. Rfe1 Rfc8 23. Bg5 Ne4 24. Bf4 Bf8 25. h3 Rc2 26. Nd3 Nf6 27. Be3 Qc6 28. Qxc6 Rxc6 29. Rc1 Rac8 30. Rxc6 Rxc6 31. Rc1 Rxc1+ 32. Nxc1 Nd5 33. Kf1 f6 34. Ke2 Kf7 35. Kd3 a6 36. Ne2 Ke8 37. Nc3 Nxc3 38. Kxc3 Kd7 39. Bc1 Kc6 40. b3 Kd5 41. f3 h5 42. a4 bxa4 43. bxa4 Bd6 44. Kd3 g6 45. Bd2 Bc7 46. Bc3 Bb6 47. Bb2 Ba5 48. Ba1 f5 49. Bb2 g5 50. g4 hxg4 51. hxg4 f4 52. Ba1 Bd8 53. Bb2 Bf6 54. Bc3 Bg7 55. Bb2 Bf6 56. Bc3 Bd8 57. Bb2 Ba5 58. Ba1 Bb4 59. Bb2 Kc6 60. Kc4 Bd6 61. Bc3 Bc7 62. Bb4 Bd8 63. Bc5 Bf6 64. Bb4 e5 65. dxe5 Bxe5 66. Be7 Kb6 67. Bxg5 Ka5 68. Kb3 Kb6 69. Bd8+ Kc5 70. g5 Kd4 71. Bf6 Kd5 72. Bxe5 Kxe5 73. Kc4 Kf5 74. Kd4 Kxg5 75. Ke5 a5 76. Ke4 Kg6 77. Kxf4 Kf6 78. Ke4 Ke6 79. Kd4 Kf5 80. Kc5 Kf4 81. Kb5 Kxf3 82. Kxa5 Ke4 83. Kb6 Ke5 84. a5 Ke6 85. Kb7 Kd7 86. a6 Kd6 87. a7 Kc5 88. a8=Q 1-0


[Site "https://www.chess.com"]

[Event "Titled Tuesday Blitz August 24 2021"]
[White "Machidon, Cristi"]
[Black "Zong, Davis"]
[WhiteFideId "13904590"]
[BlackFideId "30903955"]
[WhiteElo "2312"]
[BlackElo "2417"]
[Result "1-0"]
[Round "08"]
[TimeControl "180+1"]
[Date "2021.08.24"]
[WhiteClock "0:01:32"]
[BlackClock "0:01:07"]

1. d4 d5 2. Bf4 Nf6 3. e3 c5 4. c3 Nc6 5. Nd2 e6 6. Bd3 Bd6 7. Bxd6 Qxd6 8. f4 b6 9. Ngf3 Bb7 10. O-O Ne7 11. Ne5 Ne4 12. Qa4+ Kf8 13. Nxe4 dxe4 14. Ba6 Bc6 15. Nxc6 Nxc6 16. Bb7 Rb8 17. Qxc6 Qxc6 18. Bxc6 Ke7 19. Bxe4 f5 20. Bf3 cxd4 21. exd4 Kf6 22. Rfe1 a5 23. Re5 Rhd8 24. Rae1 Rd6 25. g4 g6 26. d5 exd5 27. g5+ Kg7 28. Bxd5 Rbd8 29. Re7+ Kf8 30. c4 b5 31. b3 bxc4 32. bxc4 R6d7 33. Rxd7 Rxd7 34. Kf2 a4 35. h4 a3 36. h5 gxh5 37. Rh1 Kg7 38. Rxh5 Rd6 39. Rh3 Ra6 40. Ke3 Rb6 41. Kd4 Rb2 42. Rxa3 Rf2 43. Ke5 1-0


[Site "https://www.chess.com"]

[Event "Titled Tuesday Blitz August 24 2021"]
[White "Maevsky, Nikolay"]
[Black "Anuj Shrivatri"]
[WhiteFideId "4198220"]
[BlackFideId "35070924"]
[WhiteElo "2582"]
[BlackElo "2723"]
[Result "1-0"]
[Round "08"]
[TimeControl "180+1"]
[Date "2021.08.24"]
[WhiteClock "0:00:02"]
[BlackClock "0:00:13"]

1. d4 Nf6 2. Nf3 g6 3. c4 Bg7 4. Nc3 O-O 5. e4 d6 6. Be2 e5 7. d5 a5 8. Be3 Ng4 9. Bg5 f6 10. Bd2 f5 11. exf5 gxf5 12. h3 Nf6 13. Qc1 Na6 14. Rg1 Nc5 15. Qc2 Nfe4 16. Be3 Nxc3 17. bxc3 e4 18. Nd2 Bd7 19. g3 a4 20. Rb1 b6 21. h4 Qe7 22. Nf1 Nd3+ 23. Bxd3 exd3 24. Qxd3 f4 25. gxf4 Bf5 26. Qd1 Bxb1 27. Qxb1 Kh8 28. Qd3 Rxf4 29. h5 Raf8 30. Rg2 Rh4 31. Ng3 Be5 32. h6 Qf7 33. Kd2 Qg6 34. Qxg6 hxg6 35. Ne2 Kh7 36. Nd4 Rf7 37. Ne6 Bf6 38. Kd3 Rh3 39. Ke4 Re7 40. Kd3 Rf7 41. Ke4 Rh5 42. Kd3 Rf5 43. f4 Kxh6 44. Ke4 Kh7 45. Bd4 Bxd4 46. Ng5+ Kg7 47. Nxf7 Bxc3 48. Ng5 Rf6 49. Ne6+ 1-0


[Site "https://www.chess.com"]

[Event "Titled Tuesday Blitz August 24 2021"]
[White "Maiorov, Nikita"]
[Black "Costachi, Mihnea"]
[WhiteFideId "13501720"]
[BlackFideId "1217518"]
[WhiteElo "2440"]
[BlackElo "2482"]
[Result "0-1"]
[Round "08"]
[TimeControl "180+1"]
[Date "2021.08.24"]
[WhiteClock "0:00:02"]
[BlackClock "0:00:54"]

1. d4 Nf6 2. c4 g6 3. g3 Bg7 4. Bg2 O-O 5. Nc3 d6 6. Nf3 Nc6 7. O-O Bf5 8. d5 Na5 9. Nd4 Bd7 10. b3 c5 11. dxc6 bxc6 12. Bb2 Rb8 13. Qd2 Qc7 14. Rab1 Rfd8 15. Ba1 e5 16. Nc2 Be6 17. Rbc1 d5 18. cxd5 cxd5 19. Nb4 Qd6 20. Nbxd5 Nxd5 21. Nxd5 Bxd5 22. Qxa5 Bxg2 23. Kxg2 Qd2 24. Qxd2 Rxd2 25. a4 Bf6 26. Rc6 Kg7 27. f4 Rxe2+ 28. Kh3 Rxb3 29. fxe5 Bxe5 30. Rc7 Bxa1 31. Rcxf7+ Kg8 32. Rf8+ Kg7 33. R8f7+ Kh6 34. Rxa1 Rbb2 35. Rh1 a5 36. Ra7 Re5 37. Kg4 Rb4+ 38. Kf3 Rxa4 39. Rc1 Ra3+ 40. Kg2 Ra2+ 41. Kh3 Rh5+ 42. Kg4 Rhxh2 43. Rcc7 Ra4+ 44. Kf3 Kg5 45. Rxh7 Ra3+ 46. Ke4 Rxh7 47. Rxh7 Rxg3 48. Rb7 Ra3 49. Rb5+ Kh4 50. Rb6 g5 51. Rg6 g4 52. Kf4 Rf3+ 53. Ke4 Rf8 54. Rh6+ Kg5 55. Ra6 g3 56. Rxa5+ Kg4 57. Ra7 Re8+ 0-1


[Site "https://www.chess.com"]

[Event "Titled Tuesday Blitz August 24 2021"]
[White "Maksimovic, Bojan"]
[Black "Kuzubov, Yuriy"]
[WhiteFideId "14408120"]
[BlackFideId "14112906"]
[WhiteElo "2439"]
[BlackElo "2564"]
[Result "1/2-1/2"]
[Round "08"]
[TimeControl "180+1"]
[Date "2021.08.24"]
[WhiteClock "0:00:07"]
[BlackClock "0:00:13"]

1. e4 e5 2. Nf3 Nf6 3. Nxe5 d6 4. Nf3 Nxe4 5. d4 d5 6. Bd3 Be7 7. O-O Bf5 8. Re1 Nc6 9. Nbd2 Nd6 10. Bxf5 Nxf5 11. c3 O-O 12. Nf1 Bd6 13. Qb3 Rb8 14. Bg5 Qd7 15. Ng3 Bxg3 16. hxg3 f6 17. Bf4 h5 18. Nh4 Nfe7 19. Bd2 g5 20. Nf3 Nf5 21. c4 Rfd8 22. Bc3 Nce7 23. cxd5 Nxd5 24. Nd2 Kg7 25. Ne4 b6 26. Qd1 Qf7 27. Qf3 Qg6 28. Rad1 c6 29. Re2 Re8 30. Rde1 Re7 31. Nd6 Nxd6 32. Rxe7+ Nxe7 33. Rxe7+ Nf7 34. Qxc6 h4 35. gxh4 Rh8 36. hxg5 Qxg5 37. Qc4 Qh5 38. f3 Qh1+ 39. Kf2 Qh4+ 40. Kg1 Qh2+ 41. Kf2 Qh5 42. d5 Kg6 43. Qg4+ Qxg4 44. fxg4 Rd8 45. Rxa7 Rxd5 46. Rb7 Rd6 47. Kf3 Ng5+ 48. Kf4 Re6 49. a4 Re4+ 50. Kg3 Rxa4 51. Rxb6 Ne4+ 52. Kf3 Nxc3 53. bxc3 Rc4 54. Rb3 Kg5 55. Rb5+ Kg6 56. Rb3 Kg5 57. Rb5+ Kg6 58. Rb3 1/2-1/2


[Site "https://www.chess.com"]

[Event "Titled Tuesday Blitz August 24 2021"]
[White "Maltsevskaya, Aleksandra"]
[Black "Orzechowski, Jacek"]
[WhiteFideId "24174041"]
[BlackFideId "1101951"]
[WhiteElo "2225"]
[BlackElo "2119"]
[Result "1-0"]
[Round "08"]
[TimeControl "180+1"]
[Date "2021.08.24"]
[WhiteClock "0:00:30"]
[BlackClock "0:00:05"]

1. d4 Nf6 2. Nf3 c5 3. dxc5 e6 4. e3 Bxc5 5. c4 O-O 6. Nc3 d5 7. cxd5 exd5 8. Bd3 Nc6 9. O-O Bg4 10. h3 Bxf3 11. Qxf3 Ne5 12. Qd1 d4 13. Na4 dxe3 14. Nxc5 b6 15. Bxe3 bxc5 16. Bc2 Qb6 17. Qe2 Nc6 18. Rfd1 Nd4 19. Bxd4 cxd4 20. Rd2 Rfe8 21. Qd3 Rad8 22. Rad1 g6 23. Bb3 Ne4 24. Qc4 Nxd2 25. Qxf7+ Kh8 26. Rxd2 Re1+ 27. Kh2 Qd6+ 28. g3 Rf8 29. Qc4 Qe7 30. Qxd4+ Qf6 31. Qxf6+ Rxf6 32. Kg2 Rb1 33. Bc4 a5 34. a4 Rb6 35. b3 1-0


[Site "https://www.chess.com"]

[Event "Titled Tuesday Blitz August 24 2021"]
[White "Martinez Reyes, Pedro Ramon"]
[Black "Shahade, Gregory"]
[WhiteFideId "3901807"]
[BlackFideId "2009064"]
[WhiteElo "2398"]
[BlackElo "2680"]
[Result "1-0"]
[Round "08"]
[TimeControl "180+1"]
[Date "2021.08.24"]
[WhiteClock "0:00:28"]
[BlackClock "0:00:08"]

1. d4 Nf6 2. c4 g6 3. Nc3 d5 4. Nf3 Bg7 5. Qb3 dxc4 6. Qxc4 O-O 7. e4 a6 8. e5 b5 9. Qb3 Nfd7 10. Be3 c5 11. dxc5 Nxe5 12. Nxe5 Bxe5 13. Rd1 Qa5 14. Be2 Be6 15. Qc2 b4 16. O-O bxc3 17. Qe4 c2 18. Qxe5 cxd1=Q 19. Bh6 Qd4 20. Qxd4 f6 21. Qe4 Qxa2 22. Qxa8 Rd8 23. Qb7 Kf7 24. c6 Qd5 25. c7 Qxb7 26. cxd8=N+ Ke8 27. Nxb7 1-0


[Site "https://www.chess.com"]

[Event "Titled Tuesday Blitz August 24 2021"]
[White "Materia, Marco"]
[Black "Zhuravlev, Alexey"]
[WhiteFideId "45150451"]
[BlackFideId "4164199"]
[WhiteElo "2674"]
[BlackElo "2512"]
[Result "1-0"]
[Round "08"]
[TimeControl "180+1"]
[Date "2021.08.24"]
[WhiteClock "0:00:20"]
[BlackClock "0:00:13"]

1. d4 Nf6 2. c4 g6 3. Nc3 Bg7 4. e4 d6 5. Nf3 O-O 6. Be2 e5 7. d5 a5 8. Bg5 h6 9. Bh4 Qe8 10. O-O Na6 11. Nd2 Nh7 12. a3 Bd7 13. b3 h5 14. f3 Bh6 15. Rb1 Be3+ 16. Kh1 Bc5 17. Qc1 f5 18. exf5 gxf5 19. f4 e4 20. Re1 Nf6 21. Nf1 Ng4 22. Bxg4 hxg4 23. Qb2 Qh5 24. Bf2 Rf7 25. Ne3 Rh7 26. Bg1 Kf7 27. Ne2 Bxe3 28. Ng3 Qh4 29. Rxe3 Nc5 30. Rf1 Rah8 31. Qd2 b6 32. b4 axb4 33. axb4 Nd3 34. c5 bxc5 35. bxc5 Nxc5 36. Qa5 Qd8 37. Rc3 Rxh2+ 38. Bxh2 Qh4 39. Kg1 Qxh2+ 40. Kf2 e3+ 41. Rxe3 Ne4+ 42. Nxe4 fxe4 43. Qxc7 Qh4+ 44. Ke2 Qe7 45. Rc1 Rc8 46. Qxc8 Bxc8 47. Rxc8 Qb7 48. Rc6 Qb2+ 49. Kf1 Qb1+ 50. Kf2 Qa2+ 51. Kg3 Qxd5 52. Rc7+ Kf6 53. Kxg4 Qd2 54. Rg3 d5 55. Rc6+ Kf7 56. Kf5 Qd4 57. Rc7+ Kf8 58. Rb3 1-0


[Site "https://www.chess.com"]

[Event "Titled Tuesday Blitz August 24 2021"]
[White "Mikhailovsky, Vladimir"]
[Black "Sharapov, Evgeny"]
[WhiteFideId "34105414"]
[BlackFideId "14103133"]
[WhiteElo "2315"]
[BlackElo "2367"]
[Result "1-0"]
[Round "08"]
[TimeControl "180+1"]
[Date "2021.08.24"]
[WhiteClock "0:00:15"]
[BlackClock "0:01:45"]

1. e4 c5 2. Nf3 d6 3. d4 cxd4 4. Qxd4 e5 5. Qe3 Nf6 6. c4 Be7 7. Nc3 O-O 8. Be2 h6 9. O-O Nbd7 10. b3 a6 11. Rd1 Qc7 12. Ba3 Nc5 13. h3 b6 14. Rac1 Bb7 15. Nd2 Rac8 16. Bf3 Ne6 17. Nd5 Qd8 18. Nxe7+ Qxe7 19. Qxb6 Nd4 20. Bxd6 Qe6 21. c5 Nxf3+ 22. Nxf3 Bxe4 23. Bxf8 Qf5 24. Bxg7 Kxg7 25. Rc3 Nd5 26. Rxd5 Bxd5 27. Qd6 e4 28. Nd4 Qf6 29. Rg3+ 1-0


[Site "https://www.chess.com"]

[Event "Titled Tuesday Blitz August 24 2021"]
[White "Mirzanurov, Bulat"]
[Black "Pham, Le Thao Nguyen"]
[WhiteFideId "4184521"]
[BlackFideId "12401226"]
[WhiteElo "2208"]
[BlackElo "2286"]
[Result "1-0"]
[Round "08"]
[TimeControl "180+1"]
[Date "2021.08.24"]
[WhiteClock "0:00:13"]
[BlackClock "0:00:03"]

1. e4 c5 2. Nf3 e6 3. d4 cxd4 4. Nxd4 a6 5. Nc3 Qc7 6. Bd3 b5 7. a3 Bb7 8. Qe2 d6 9. O-O Nf6 10. Kh1 Be7 11. f4 Nbd7 12. Bd2 O-O 13. Rae1 g6 14. e5 Nh5 15. exd6 Bxd6 16. Qg4 Ndf6 17. Qg5 Be7 18. f5 Ne4 19. Qh6 Neg3+ 20. hxg3 Qxg3 21. Be4 Bd6 22. Nf3 Rab8 23. Bxb7 Rxb7 24. fxe6 fxe6 25. Rxe6 Qh4+ 26. Kg1 Bc5+ 27. Be3 Qc4 28. Bxc5 Qxc5+ 29. Qe3 Qc4 30. Re4 Qf7 31. Qe1 Rd7 32. Re2 Qc4 33. Ref2 Qc5 34. Qe6+ Rdf7 35. Ng5 1-0


[Site "https://www.chess.com"]

[Event "Titled Tuesday Blitz August 24 2021"]
[White "Molina, Roberto Junio Brito"]
[Black "Bobkov, Vadim"]
[WhiteFideId "2109450"]
[BlackFideId "34110876"]
[WhiteElo "2402"]
[BlackElo "2117"]
[Result "1-0"]
[Round "08"]
[TimeControl "180+1"]
[Date "2021.08.24"]
[WhiteClock "0:00:07"]
[BlackClock "0:00:01"]

1. d4 d5 2. c4 e6 3. Nc3 c6 4. e3 Nf6 5. Nf3 Nbd7 6. Qc2 Bd6 7. Bd3 O-O 8. O-O Qe7 9. b3 dxc4 10. Bxc4 e5 11. h3 exd4 12. exd4 Nh5 13. Re1 Qd8 14. Bb2 Nf4 15. Ne4 Bc7 16. Rad1 Nf6 17. Ng3 N6d5 18. Ne5 Be6 19. Qe4 Ba5 20. Rf1 Ng6 21. f4 Qh4 22. Ne2 Nge7 23. Qf3 Bf5 24. g4 Bd7 25. f5 Bc8 26. a3 Bc7 27. b4 f6 28. Nd3 Kh8 29. Nc5 Ng8 30. Bxd5 cxd5 31. Rde1 Re8 32. Kg2 b6 33. Ne6 Bxe6 34. fxe6 Rxe6 35. Ng3 Rxe1 36. Rxe1 Nh6 37. Re7 Bd6 38. Rd7 Bf8 39. Qxd5 Re8 40. Rd8 Rxd8 41. Qxd8 Kg8 42. Qd5+ Kh8 43. Bc1 Ng8 44. Bf4 Ne7 45. Qf7 Ng6 46. Bc7 h6 47. Qxg6 a5 48. Qe8 Kg8 49. Bd6 1-0


[Site "https://www.chess.com"]

[Event "Titled Tuesday Blitz August 24 2021"]
[White "Murzin, Volodar"]
[Black "De Silva, L M S T"]
[WhiteFideId "44155573"]
[BlackFideId "9953698"]
[WhiteElo "2733"]
[BlackElo "2585"]
[Result "1-0"]
[Round "08"]
[TimeControl "180+1"]
[Date "2021.08.24"]
[WhiteClock "0:00:05"]
[BlackClock "0:00:20"]

1. e4 e5 2. Nf3 Nc6 3. Bb5 a6 4. Ba4 Nf6 5. O-O Be7 6. Nc3 b5 7. Bb3 O-O 8. d3 Bb7 9. a3 Nd4 10. Ba2 Nxf3+ 11. Qxf3 c6 12. Qg3 d6 13. Bh6 Ne8 14. Be3 Bh4 15. Qf3 g6 16. Rad1 Ng7 17. d4 Qe7 18. b4 Bc8 19. dxe5 Qxe5 20. Bf4 Qf6 21. Qe3 Rd8 22. g3 g5 23. Bxd6 Bg4 24. e5 Qf5 25. Rd4 Bh3 26. Rfd1 Ne6 27. Bxe6 fxe6 28. Ne4 Kh8 29. Be7 Rxd4 30. Rxd4 Re8 31. Bf6+ Kg8 32. gxh4 gxh4 33. Ng5 Qg4+ 34. Rxg4 Bxg4 35. Qd3 Bf5 36. Qd7 1-0


[Site "https://www.chess.com"]

[Event "Titled Tuesday Blitz August 24 2021"]
[White "Nakamura, Hikaru"]
[Black "Zierk, Steven"]
[WhiteFideId "2016192"]
[BlackFideId "2034255"]
[WhiteElo "2900"]
[BlackElo "2494"]
[Result "1-0"]
[Round "08"]
[TimeControl "180+1"]
[Date "2021.08.24"]
[WhiteClock "0:00:12"]
[BlackClock "0:00:07"]

1. e4 c5 2. Nf3 Nc6 3. c3 Nf6 4. Bd3 d6 5. Bc2 g6 6. h3 e5 7. a3 Bg7 8. b4 O-O 9. O-O d5 10. d3 c4 11. dxc4 dxc4 12. Qe2 Be6 13. Ng5 Qe7 14. a4 a6 15. Na3 b5 16. Be3 Rab8 17. Bc5 Qe8 18. axb5 axb5 19. Bxf8 Bxf8 20. Nxe6 Qxe6 21. Nb1 h5 22. Nd2 Bh6 23. Nf3 Ne8 24. Rfd1 Nc7 25. h4 Qe7 26. g3 Kg7 27. Kg2 f6 28. Qf1 Qe6 29. Qh1 Kf7 30. Qh3 Ke7 31. Qxe6+ Kxe6 32. Ng1 f5 33. Ne2 f4 34. gxf4 exf4 35. Nd4+ Nxd4 36. cxd4 Bf8 37. Ra7 Kd7 38. e5 Bxb4 39. Kf3 Kc6 40. Bxg6 Kb6 41. Raa1 Bc3 42. Rac1 b4 43. d5 Nb5 44. d6 Kc5 45. d7 Rd8 46. e6 Bf6 47. Ke4 b3 48. Kf5 Bxh4 49. Bxh5 b2 50. Rb1 c3 51. Rh1 Be7 52. Bd1 Nd4+ 53. Ke5 Bd6+ 54. Ke4 Nxe6 55. Rh5+ Kb4 56. Kd5 Ng7 57. Rh7 Bf8 58. Kc6 Ne6 59. Rh5 Bg7 60. Rb5+ Ka3 61. Ra5+ Kb4 62. Ra4# 1-0


[Site "https://www.chess.com"]

[Event "Titled Tuesday Blitz August 24 2021"]
[White "Nazaretyan, Tigran"]
[Black "Rakhmanov, Aleksandr"]
[WhiteFideId "24162345"]
[BlackFideId "4173708"]
[WhiteElo "2167"]
[BlackElo "2498"]
[Result "0-1"]
[Round "08"]
[TimeControl "180+1"]
[Date "2021.08.24"]
[WhiteClock "0:00:14"]
[BlackClock "0:00:19"]

1. d4 Nf6 2. c4 d6 3. Nf3 g6 4. Nc3 Bf5 5. Ng5 Bg7 6. e4 Bg4 7. Be2 Bxe2 8. Qxe2 Nc6 9. Nf3 e5 10. Be3 O-O 11. d5 Nd4 12. Nxd4 exd4 13. Bxd4 Re8 14. O-O-O a6 15. Kb1 b5 16. c5 b4 17. Bxf6 Qxf6 18. Na4 Qf4 19. f3 f5 20. g3 Qe5 21. Rhe1 fxe4 22. Qxe4 Qh5 23. Qxe8+ Rxe8 24. Rxe8+ Bf8 25. cxd6 Qxf3 26. Rd4 cxd6 27. Kc2 Qf2+ 28. Kd3 Qf1+ 29. Kc2 Qb5 30. Rxf8+ Kxf8 31. b3 Qe2+ 32. Rd2 Qe4+ 33. Kc1 a5 34. Nb6 Ke7 35. Nc8+ Kd7 36. Nb6+ Kc7 37. Nc4 a4 38. bxa4 Qe1+ 39. Kc2 g5 40. a5 Qa1 41. Kd3 Qc3+ 42. Ke2 Qxc4+ 43. Rd3 Qxa2+ 44. Ke3 b3 45. a6 b2 46. Rc3+ Kd7 47. a7 Qxa7+ 48. Ke4 b1=Q+ 49. Kf3 Qf5+ 50. Kg2 Qaf2+ 0-1


[Site "https://www.chess.com"]

[Event "Titled Tuesday Blitz August 24 2021"]
[White "Nefedov, Sergey"]
[Black "Makhnev, Denis"]
[WhiteFideId "24113417"]
[BlackFideId "13707647"]
[WhiteElo "2380"]
[BlackElo "2537"]
[Result "0-1"]
[Round "08"]
[TimeControl "180+1"]
[Date "2021.08.24"]
[WhiteClock "0:00:08"]
[BlackClock "0:00:12"]

1. d4 d5 2. Nf3 Nf6 3. Bf4 c5 4. e3 Nc6 5. c3 Qb6 6. Qb3 c4 7. Qc2 Bf5 8. Qc1 e6 9. Nbd2 h6 10. h3 Qd8 11. g4 Bh7 12. Bg2 Bd6 13. O-O O-O 14. Ne5 Bxe5 15. Bxe5 Nxe5 16. dxe5 Nd7 17. f4 Nc5 18. Nf3 f6 19. Qd2 Nd3 20. exf6 Qxf6 21. b3 Rac8 22. bxc4 Rxc4 23. Nd4 Be4 24. f5 e5 25. Bxe4 dxe4 26. Ne6 Rfc8 27. Rab1 Rxc3 28. Rxb7 Rc2 29. Qxc2 Rxc2 30. Rb8+ Kf7 31. Rf8+ Ke7 32. Rxf6 gxf6 33. Rb1 Rxa2 34. Rb7+ Kd6 35. Rf7 a5 36. Rxf6 a4 37. Nd4+ Kc5 38. Rc6+ Kd5 39. f6 exd4 40. Rc8 Rf2 41. Rd8+ Ke5 42. Rxd4 a3 43. Rxd3 exd3 44. Kxf2 Kxf6 0-1


[Site "https://www.chess.com"]

[Event "Titled Tuesday Blitz August 24 2021"]
[White "Nozdrachev, Leonid"]
[Black "Ibarra Jerez, Jose Carlos"]
[WhiteFideId "24113433"]
[BlackFideId "2226332"]
[WhiteElo "2240"]
[BlackElo "2602"]
[Result "1-0"]
[Round "08"]
[TimeControl "180+1"]
[Date "2021.08.24"]
[WhiteClock "0:00:20"]
[BlackClock "0:00:04"]

1. e4 e6 2. d4 d5 3. Nc3 Nf6 4. Bg5 dxe4 5. Nxe4 Be7 6. Bxf6 gxf6 7. g3 f5 8. Nc3 Bf6 9. Nge2 Nc6 10. d5 exd5 11. Bg2 d4 12. Nd5 Bg7 13. Nef4 O-O 14. O-O Be6 15. Re1 Qd6 16. Qh5 Ne5 17. Qg5 f6 18. Qh5 Bd7 19. Nxc7 Rac8 20. Bd5+ Kh8 21. Nce6 Bxe6 22. Bxe6 Qc6 23. Rxe5 Qe8 24. Rxf5 Rxc2 25. Qxe8 Rxe8 26. Rh5 h6 27. Ng6+ Kh7 28. Bf5 Rxb2 29. Rd1 Rd8 30. Nf4+ Kg8 31. Be6+ Kh8 32. Bb3 a6 33. Ne6 Rd6 34. Nxg7 Kxg7 35. Rh4 d3 36. Rg4+ Kh7 37. Rc4 Rd7 38. Rc3 d2 39. Kg2 Kg7 40. Rc2 Rxc2 41. Bxc2 Rd4 42. Kf3 b5 43. Ke3 Rc4 44. Rxd2 Kf7 45. Bb3 1-0


[Site "https://www.chess.com"]

[Event "Titled Tuesday Blitz August 24 2021"]
[White "Obolentseva, Alexandra"]
[Black "Manukyan, Sargis A."]
[WhiteFideId "24153648"]
[BlackFideId "13303970"]
[WhiteElo "2113"]
[BlackElo "2187"]
[Result "1-0"]
[Round "08"]
[TimeControl "180+1"]
[Date "2021.08.24"]
[WhiteClock "0:01:22"]
[BlackClock "0:01:39"]

1. d4 d5 2. c4 e6 3. Nc3 Nf6 4. cxd5 exd5 5. Bg5 c6 6. e3 Qb6 7. Qc2 Ne4 8. Bf4 Bb4 9. Bd3 Bf5 10. Ne2 O-O 11. O-O Nxc3 12. Bxf5 Nxe2+ 13. Qxe2 Qd8 14. Bc2 Bd6 15. g3 Bxf4 16. gxf4 Nd7 17. Kh1 f5 18. Rg1 g6 19. Rg3 Nf6 20. Rag1 Kf7 21. Qf1 Rh8 22. Qh3 Qf8 23. Bxf5 Re8 24. Bd3 Ne4 25. Bxe4 Rxe4 26. f5 gxf5 27. Qxf5+ Ke8 28. Qc8+ Kf7 29. Rf3+ 1-0


[Site "https://www.chess.com"]

[Event "Titled Tuesday Blitz August 24 2021"]
[White "Omariev, Maksim"]
[Black "Castellanos Rodriguez, Renier"]
[WhiteFideId "4193423"]
[BlackFideId "3404650"]
[WhiteElo "2439"]
[BlackElo "2612"]
[Result "0-1"]
[Round "08"]
[TimeControl "180+1"]
[Date "2021.08.24"]
[WhiteClock "0:00:01"]
[BlackClock "0:00:59"]

1. e4 c5 2. Nf3 d6 3. d4 cxd4 4. Nxd4 Nf6 5. Nc3 a6 6. h3 e6 7. g4 h6 8. Bg2 Be7 9. Be3 g5 10. Qe2 Nbd7 11. O-O-O Ne5 12. f4 gxf4 13. Bxf4 Nfd7 14. Kb1 b5 15. Nf3 Qc7 16. Qd2 Nc4 17. Qc1 Bb7 18. Nd2 Nce5 19. Nb3 b4 20. Ne2 h5 21. gxh5 Rxh5 22. Ng3 Rh8 23. h4 a5 24. h5 a4 25. Nd4 a3 26. b3 Rc8 27. h6 Rh7 28. Nh5 Nc5 29. Rde1 Qb6 30. Qd2 Ncd3 31. Ng7+ Kd7 32. cxd3 Qxd4 33. Rh3 Bf6 0-1


[Site "https://www.chess.com"]